 Dungeon Crawl Stone Soup version 0.22.1-1-ga44c0e5 (webtiles) character file.

93193 whitenoisemaker the Lord of Darkness (level 15, -7/84 HPs)
             Began as a Deep Elf Earth Elementalist on Oct 10, 2018.
             Was the Champion of Kikubaaqudgha.
             Hit by a large rock thrown by a stone giant (24 damage)
             ... on level 2 of the Orcish Mines on Oct 13, 2018.
             The game lasted 01:18:40 (37219 turns).

whitenoisemaker the Lord of Darkness (DEEE)        Turns: 37219, Time: 01:18:41

Health: -7/84      AC: 18    Str: 13    XL:     15   Next: 60%
Magic:  22/33      EV: 18    Int: 26    God:    Kikubaaqudgha [******]
Gold:   1219       SH:  0    Dex: 27    Spells: 2/38 levels left

rFire    . . .     SeeInvis .   M - +9 great sword of Watchfulness {elec, rF+ rC+ MR+ Str+3}
rCold    + + +     Gourm    .   (shield currently unavailable)
rNeg     . . .     Faith    .   T - +1 ice dragon scales of Free Will {rElec rF- rC++ Dex+3} (curse)
rPois    .         Spirit   .   (no helmet)
rElec    +         Reflect  .   o - +0 cloak
rCorr    .         Harm     .   R - +2 pair of gloves {Dex+3}
MR       ++...                  y - +1 pair of boots {run}
Stlth    +.........             x - amulet of magic regeneration
HPRegen  0.24/turn              q - +6 ring of dexterity
MPRegen  0.48/turn              t - +4 ring of strength

@: quick
A: no striking features
a: Receive Corpses, Torment, Renounce Religion


You were on level 2 of the Orcish Mines.
You worshipped Kikubaaqudgha.
Kikubaaqudgha was exalted by your worship.
You were not hungry.

You visited 4 branches of the dungeon, and saw 24 of its levels.
You also visited: Labyrinth, Ossuary, Bailey and Ice Cave.

You collected 2710 gold pieces.
You spent 1491 gold pieces at shops.

Inventory:

Hand Weapons
 n - a +6 quarterstaff of chaos
 M - the +9 great sword of Watchfulness (weapon) {elec, rF+ rC+ MR+ Str+3}
   (You took it off an orc warrior in a bailey)

   Occasionally, upon striking a foe, it will discharge some electrical energy
   and cause terrible harm.
   It affects your strength (+3).
   It protects you from fire.
   It protects you from cold.
   It affects your resistance to hostile enchantments.
Missiles
 b - 468 stones (quivered)
Armour
 o - a +0 cloak (worn)
 u - a +2 helmet
 y - a +1 pair of boots of running (worn)
 R - a +2 pair of gloves of dexterity (worn)
 T - the cursed +1 ice dragon scales of Free Will (worn) {rElec rF- rC++ Dex+3}
   (You found it in an ice cave)

   It affects your dexterity (+3).
   It makes you vulnerable to fire.
   It greatly protects you from cold.
   It insulates you from electricity.
   It has a curse placed upon it.
Magical Staves
 m - an uncursed staff of death
 A - an uncursed staff of wizardry
Jewellery
 a - a +3 amulet of reflection
 h - an uncursed amulet of harm
 q - a +6 ring of dexterity (left hand)
 t - a +4 ring of strength (right hand)
 x - an amulet of magic regeneration (around neck)
 I - an uncursed ring of protection from fire
 N - an uncursed amulet of faith
 P - an uncursed ring of flight
 Q - an uncursed amulet of the gourmand
 X - a +3 ring of evasion
Wands
 g - a wand of polymorph (7)
 z - a wand of flame (50)
 G - a wand of enslavement (24)
 S - a wand of disintegration (6)
 W - a wand of digging (6)
Scrolls
 k - 3 scrolls of torment
 l - 6 scrolls of random uselessness
 p - 13 scrolls of remove curse
 v - a scroll of amnesia
 O - 3 scrolls of enchant weapon
 U - a scroll of magic mapping
Potions
 c - a potion of agility
 e - a potion of invisibility
 f - a potion of flight
 j - a potion of degeneration
 r - 3 potions of cancellation
 w - 3 potions of berserk rage
 C - 7 potions of might
 D - 4 potions of haste
 E - 6 potions of lignification
 J - 3 potions of brilliance
Comestibles
 d - 21 rations
 i - 4 chunks of flesh


   Skills:
 + Level 5.8 Fighting
 * Level 8.2 Long Blades
 + Level 4.9 Armour
 - Level 12.2 Dodging
 - Level 2.4 Stealth
 - Level 12.2 Spellcasting
 - Level 13.4 Conjurations
 - Level 14.9 Necromancy
 - Level 1.1 Transmutations
 - Level 13.0 Earth Magic


You had 2 spell levels left.
You knew the following spells:

 Your Spells              Type           Power        Failure   Level  Hunger
a - Sandblast             Erth           ######       1%          1    None
b - Passwall              Tmut/Erth      ######..     1%          2    None
c - Stone Arrow           Conj/Erth      ######       1%          3    None
d - Lee's Rapid Deconstr  Erth           ######....   2%          5    ###....
e - Vampiric Draining     Necr           #######...   1%          3    None
f - Animate Dead          Necr           N/A          1%          4    None
g - Pain                  Necr           ####         1%          1    None
h - Agony                 Necr           #######.     1%          5    ###....
i - Blink                 Tloc           N/A          32%         2    None
j - Borgnjor's Vile Clut  Necr/Erth      ######....   1%          5    ###....
k - Dispel Undead         Necr           #######.     1%          5    ###....

Your spell library contained the following spells:

 Spells                   Type           Power        Failure   Level  Hunger
 Animate Skeleton         Necr           N/A          1%          1    None
 Flame Tongue             Conj/Fire      #####        1%          1    None
 Sublimation of Blood     Necr           #######...   1%          2    None
 Throw Flame              Conj/Fire      ######       1%          2    None
 Throw Frost              Conj/Ice       ######       1%          2    None
 Apportation              Tloc           ###...       22%         1    None
 Confusing Touch          Hex            ###...       22%         1    None
 Corona                   Hex            ###....      22%         1    None
 Freeze                   Ice            ###.         22%         1    None
 Summon Butterflies       Summ           ###.....     22%         1    None
 Summon Small Mammal      Summ           ###.         22%         1    None
 Ensorcelled Hibernation  Hex/Ice        ###...       32%         2    None
 Shroud of Golubria       Chrm/Tloc      ###.......   32%         2    None
 Regeneration             Chrm/Necr      ######....   3%          3    None
 Conjure Flame            Conj/Fire      ######..     4%          3    None
 Dazzling Spray           Conj/Hex       ######       4%          3    None
 Static Discharge         Conj/Air       ######..     4%          3    None
 Petrify                  Tmut/Erth      ######..     12%         4    None
 Sticky Flame             Conj/Fire      ######..     13%         4    None
 Throw Icicle             Conj/Ice       ######..     13%         4    None
 Irradiate                Conj/Tmut      ######....   28%         5    ###....
 Fireball                 Conj/Fire      ######....   36%         5    ###....
 Lightning Bolt           Conj/Air       ######....   36%         5    ###....
 Ignite Poison            Fire/Tmut/Pois ###.....     47%         3    None
 Confuse                  Hex            ###.....     54%         3    None
 Gell's Gravitas          Tloc           ###.......   54%         3    None
 Inner Flame              Hex/Fire       ###.....     54%         3    None
 Lesser Beckoning         Tloc           ###.......   54%         3    None
 Ozocubu's Armour         Chrm/Ice       ###.....     54%         3    None
 Summon Guardian Golem    Hex/Summ       ###.....     54%         3    None
 Teleport Other           Tloc           ###.....     54%         3    None
 Tukima's Dance           Hex            ###.....     54%         3    None
 Simulacrum               Ice/Necr       ######....   83%         6    #####..
 Statue Form              Tmut/Erth      ######...    87%         6    #####..
 Passage of Golubria      Tloc           N/A          91%         4    None
 Summon Ice Beast         Ice/Summ       ###.....     91%         4    None
 Borgnjor's Revivificati  Necr           #######...   96%         8    #######
 Infestation              Necr           #######...   96%         8    #######
 Alistair's Intoxication  Tmut/Pois      ###.....     99%         5    ###....
 Silence                  Hex/Air        ###.......   99%         5    ###....
 Summon Demon             Summ           ###.......   99%         5    ###....
 Darkness                 Hex            ###.......   100%        6    #####..
 Hydra Form               Tmut           ###.......   100%        6    #####..
 Shadow Creatures         Summ           N/A          100%        6    #####..
 Dragon Form              Tmut           ###.......   100%        7    ######.
 Haunt                    Necr/Summ      ######....   100%        7    ######.
 Malign Gateway           Summ/Tloc      ###.......   100%        7    ######.
 Death's Door             Chrm/Necr      ######....   100%        8    #######
 Ignition                 Fire           ###.......   100%        8    #######
 Necromutation            Tmut/Necr      ######....   100%        8    #######
 Shatter                  Erth           ######....   100%        9    #######
 Tornado                  Air            ###.......   100%        9    #######


Dungeon Overview and Level Annotations

Branches:
Dungeon (15/15)            Temple (1/1) D:6            Lair (6/6) D:9
 Shoals (0/4) Lair:3        Snake (0/4) Lair:3        Slime (0/5) Lair:6
    Orc (2/2) D:9             Elf (0/3) Orc:2
 Vaults: D:13-14     Depths: D:15

Altars:
Ashenzari
Cheibriados
Dithmenos
Elyvilon
Fedhas
Gozag
Hepliaklqana
Kikubaaqudgha
Makhleb
Nemelex Xobeh
Okawaru
Qazlal
Ru
Sif Muna
Trog
Uskayaw
Vehumet
Wu Jian
Xom
Yredelemnul
Zin
The Shining One
Beogh
Jiyva

Shops:
D:6 *?!=   D:12 [   Orc:1 *

Portals:
Trove: D:14 (give +4 fire dragon scales)

Annotations:
D:7 3 runed doors, SaintRoka's ghost, novice VSFi


Message History

Kikubaaqudgha accepts your kill.
The stone giant throws a large rock.
The large rock hits you!!
Unknown command.
Casting: Lee's Rapid Deconstruction (safe; 2% risk of failure)
Confirm with . or Enter, or press ? or * to list all spells.
Aiming: Lee's Rapid Deconstruction (safe; 2% risk of failure)
Press: ? - help, Dir - move target cursor A rock wall.
The wall shatters!
The blast of rock fragments hits the warg.
The warg is heavily wounded.
You hear a shout!
The stone giant throws a large rock.
The large rock hits you!
* * * LOW HITPOINT WARNING * * *
Unknown command.
Found 17 gold pieces.
There is a stone staircase leading up here.
The stone giant throws a large rock.
The large rock hits you!!
You die...
Kikubaaqudgha rasps: "You have failed me!
Welcome... death!"

**,,,,,,,,,,,*** *,
#..,,,,,,,..<..** *,
#...,,**,*......* **
#...###**#.....#* *
*#......##......#
*,,.............*
**,,#.........#**#####
****#........####.#.###
##.@....##.#......#
###.....##..........#
#...................##
**###...h........_....#.
#......#.))..#..........
**###....#..)..##.....#...
**,.....#.###.......###....
*,,.....##* #.(C.....####..
**,.....*.###.......####...


You could see a stone giant and a warg.

Vanquished Creatures
  Rupert (D:15)
  Gastronok (Lair:2)
  A minotaur (Lab)
  Snorg (Lair:4)
  Josephine (D:13)
  An ogre mage (D:14)
  Harold (Orc:1)
  6 hydras
  Erolcha (D:10)
  A death knight (D:13)
  3 centaur warriors
  A deep troll earth mage (D:9)
  7 two-headed ogres
  Urug (Lair:2)
  2 death yaks (Lair:6)
  Sonja (D:10)
  A skeletal warrior (D:14)
  The ghost of Phong the Grappler, a novice DrTm of Yredelemnul (D:9)
  An obsidian statue (D:9)
  4 unseen horrors (D:14)
  A glowing orange brain (D:14)
  A phantasmal warrior (D:13)
  Pikel (D:4)
  A wolf spider zombie (D:15)
  An orc knight (Bailey)
  A wolf spider (D:15)
  3 deep elf magi
  9 ugly things
  3 cyclopes
  2 centaur zombies (D:14)
  5 black mambas
  13 elephants
  3 ice statues (IceCv)
  12 spiny frogs
  2 torpor snails
  2 gargoyles (D:14)
  2 centaur skeletons (D:14)
  4 rime drakes
  7 komodo dragons
  2 freezing wraiths (D:14)
  An efreet (D:13)
  2 polar bears (D:11)
  4 trolls
  A tyrant leech (Lair:6)
  A merfolk (D:12)
  A wind drake (shapeshifter) (D:10)
  21 blink frogs
  Prince Ribbit (D:7)
  9 slime creatures
  6 dream sheep (Lair:6)
  14 hippogriffs
  A shadow (D:13)
  4 vampires
  5 wyverns
  7 wraiths
  67 yaks
  2 basilisks
  5 vampire mosquitoes
  A soldier ant (D:14)
  3 nagas (Lair:3)
  12 water moccasins
  3 porcupines
  22 orc warriors
  A meliai simulacrum (D:14)
  2 black bears
  A slave (D:4)
  9 ice beasts
  2 sky beasts (D:10)
  An eye of draining (D:12)
  12 ogres
  4 centaurs
  3 phantoms
  14 crocodiles
  6 big kobolds
  28 bullfrogs
  A gnoll sergeant (D:11)
  A wyvern skeleton (D:10)
  5 scorpions
  11 killer bees
  17 wights
  2 electric eels (Lair:6)
  2 howler monkeys
  3 crimson imps
  A bullfrog zombie (D:6)
  A quasit (D:10)
  4 orc priests
  6 jellies
  4 hounds
  Crazy Yiuf (D:2)
  4 bullfrog skeletons
  2 gnoll shamans (D:9)
  3 iguanas
  10 orc wizards
  Ijyb (D:4)
  7 hell rats
  15 worker ants
  A big kobold zombie (Ossuary)
  A hound zombie (D:10)
  A hound skeleton (D:5)
  8 mummies (Ossuary)
  Robin (D:4)
  25 gnolls
  2 howler monkey skeletons
  13 adders
  A shadow imp (D:9)
  An ooze (D:4)
  4 worms
  4 leopard geckos
  77 orcs
  4 giant cockroaches
  2 gnoll zombies (Ossuary)
  18 goblins
  9 hobgoblins
  4 jackals (D:4)
  24 kobolds
  9 quokkas
  A ball python (D:6)
  9 bats
  7 frilled lizards
  A giant cockroach zombie (D:6)
  A hobgoblin zombie (Ossuary)
  A jackal skeleton (D:4)
  2 kobold zombies (Ossuary)
  2 orc zombies (Ossuary)
  6 rats
  A fungus (Lair:3)
  A plant (Lair:3)
730 creatures vanquished.

Vanquished Creatures (collateral kills)
  A lindwurm (Lair:6)
  An ugly thing (D:14)
  An elephant (Lair:6)
  5 spiny frogs (Lair:6)
  2 komodo dragons (Lair:6)
  2 tyrant leeches (Lair:6)
  3 blink frogs (Lair:6)
  A hippogriff (D:13)
  3 dream sheep (Lair:6)
  2 yaks (Lair:6)
  2 vampire mosquitoes (Lair:6)
  A water moccasin (D:9)
  2 crocodiles (Lair:6)
  A centaur (D:7)
  4 bullfrogs (Lair:6)
  A wight (D:9)
  2 orcs
  A bush (Lair:6)
35 creatures vanquished.

Vanquished Creatures (others)
  A tengu warrior (D:14)
  A crocodile (Lair:4)
  A worm (D:4)
  2 bushes (Lair:6)
  16 fungi
  60 plants
81 creatures vanquished.

Grand Total: 846 creatures vanquished

Notes
Turn   | Place    | Note
-------+----------+-------------------------------------------
     0 | D:1      | whitenoisemaker the Deep Elf Earth Elementalist began the
                  | quest for the Orb.
     0 | D:1      | Reached XP level 1. HP: 10/10 MP: 6/6
   234 | D:1      | Reached XP level 2. HP: 15/15 MP: 4/8
   788 | D:1      | Learned a level 2 spell: Passwall
   809 | D:2      | Reached XP level 3. HP: 19/19 MP: 7/10
  1026 | D:2      | Found a runed door.
  1481 | D:2      | Reached XP level 4. HP: 24/24 MP: 9/12
  1578 | D:2      | Learned a level 3 spell: Stone Arrow
  1773 | D:2      | Noticed Crazy Yiuf
  1776 | D:2      | Killed Crazy Yiuf
  1841 | D:3      | Reached skill level 5 in Spellcasting
  1937 | D:3      | Reached skill level 1 in Conjurations
  1942 | D:3      | Reached XP level 5. HP: 24/28 MP: 5/14
  2053 | D:3      | Found a hazy altar of Hepliaklqana.
  2122 | D:3      | Reached skill level 5 in Earth Magic
  2303 | D:3      | Found a stormy altar of Qazlal.
  3249 | D:4      | Learned a level 5 spell: Lee's Rapid Deconstruction
  3292 | D:4      | Reached XP level 6. HP: 24/32 MP: 9/16
  3560 | D:4      | Noticed a slave
  3561 | D:4      | Noticed Pikel
  3561 | D:4      | Noticed a slave
  3561 | D:4      | Noticed a slave
  3562 | D:4      | Killed a slave
  3562 | D:4      | Noticed a slave
  3570 | D:4      | Killed Pikel
  3570 | D:4      | Reached XP level 7. HP: 33/36 MP: 10/19
  3781 | D:4      | Noticed Ijyb
  3785 | D:4      | Noticed Robin
  3793 | D:4      | Killed Ijyb
  3798 | D:4      | Killed Robin
  3995 | D:4      | Reached skill level 5 in Conjurations
  3995 | D:4      | Reached XP level 8. HP: 41/41 MP: 19/21
  4260 | D:5      | Entered Level 5 of the Dungeon
  5317 | D:6      | Learned a level 3 spell: Vampiric Draining
  5322 | D:6      | Learned a level 4 spell: Animate Dead
  5325 | D:6      | Found Peniy's Distillery.
  5330 | D:6      | Learned a level 1 spell: Pain
  5347 | D:6      | Reached skill level 1 in Necromancy
  5382 | D:6      | Bought a potion of curing for 39 gold pieces
  5382 | D:6      | Bought a potion of curing for 39 gold pieces
  5382 | D:6      | Bought a potion of magic for 104 gold pieces
  5382 | D:6      | Bought a potion of might for 52 gold pieces
  5382 | D:6      | Bought a potion of berserk rage for 65 gold pieces
  5411 | D:6      | Bought a potion of might for 52 gold pieces
  5419 | D:6      | Found Orphosk's Magic Scroll Shop.
  5504 | D:6      | Bought a scroll of identify for 28 gold pieces
  5661 | D:6      | Found a staircase to the Ecumenical Temple.
  5669 | D:6      | Reached skill level 5 in Dodging
  5669 | D:6      | Reached skill level 2 in Necromancy
  5708 | Temple   | Entered the Ecumenical Temple
  5844 | Temple   | Became a worshipper of Kikubaaqudgha
  5890 | D:6      | Reached XP level 9. HP: 34/45 MP: 7/23
  6075 | D:6      | Found Pud Urun's Jewellery Boutique.
  6189 | D:6      | Found Susivegi's Assorted Antiques.
  6192 | D:6      | Bought a scroll labeled VEUNKOGIK for 26 gold pieces
  6390 | D:7      | Reached skill level 3 in Necromancy
  6409 | D:7      | Noticed Prince Ribbit
  6412 | D:7      | Killed Prince Ribbit
  6412 | D:7      | Reached skill level 4 in Necromancy
  6568 | D:7      | Reached skill level 5 in Necromancy
  6600 | D:7      | Noticed a two-headed ogre
  6819 | D:7      | Found a runed gate.
  6820 | D:7      | Found a runed gate.
  6821 | D:7      | Found a runed gate.
  6823 | D:7      | Noticed SaintRoka's ghost (novice VSFi)
  6854 | D:7      | Found a sand-covered staircase.
  6863 | Ossuary  | Entered an ossuary
  6971 | Ossuary  | Reached * piety under Kikubaaqudgha
  6971 | Ossuary  | Identified Kikubaaqudgha's Grimoire of Evil (Kikubaaqudgha
                  | gifted it to you in an ossuary)
  6971 | Ossuary  | Received a gift from Kikubaaqudgha
  8236 | D:7      | Reached skill level 6 in Necromancy
  8528 | D:7      | Killed a two-headed ogre
  8528 | D:7      | Reached skill level 7 in Necromancy
  8629 | D:8      | Reached XP level 10. HP: 50/50 MP: 13/24
  8640 | D:8      | Reached ** piety under Kikubaaqudgha
  8891 | D:6      | Bought a dark potion for 23 gold pieces
  8891 | D:6      | Bought a dark potion for 23 gold pieces
  8891 | D:6      | Bought an embroidered robe for 96 gold pieces
  8901 | D:6      | Bought a crooked glass wand for 104 gold pieces
  8947 | D:6      | Bought a scroll of fog for 28 gold pieces
  9796 | D:8      | Reached skill level 8 in Necromancy
  9817 | D:8      | Found a blossoming altar of Fedhas.
 10572 | D:8      | Found a snail-covered altar of Cheibriados.
 10807 | D:9      | Found a shattered altar of Ashenzari.
 10821 | D:9      | Found an ornate altar of the Wu Jian Council.
 10910 | D:9      | Reached skill level 9 in Necromancy
 10980 | D:9      | Noticed an elephant
 10988 | D:9      | Killed an elephant
 11033 | D:9      | Found a staircase to the Orcish Mines.
 11042 | D:9      | Reached *** piety under Kikubaaqudgha
 11042 | D:9      | Identified Kikubaaqudgha's Volume of Unholy Arts
                  | (Kikubaaqudgha gifted it to you on level 9 of the Dungeon)
 11042 | D:9      | Received a gift from Kikubaaqudgha
 11050 | D:9      | Learned a level 5 spell: Agony
 11174 | D:9      | Found a staircase to the Lair.
 11329 | D:9      | Found a runed gate.
 11338 | D:9      | Noticed Phong's ghost (novice DrTm)
 11342 | D:9      | Noticed a deep troll earth mage
 11439 | D:9      | Reached skill level 10 in Necromancy
 11474 | Lair:1   | Entered Level 1 of the Lair of Beasts
 11591 | Lair:1   | You fall through a shaft!
 11596 | Lair:2   | Noticed Gastronok
 11601 | Lair:2   | Found a labyrinth entrance.
 11610 | Lab      | Entered a labyrinth
 12164 | Lab      | Noticed a minotaur
 12174 | Lab      | Killed a minotaur
 12174 | Lab      | Reached XP level 11. HP: 45/54 MP: 4/25
 12178 | Lab      | Got an encrusted dagger {pierce}
 12179 | Lab      | Identified the +5 dagger "Coenerph" {pierce, Dex+3} (You
                  | took it off a minotaur in a labyrinth)
 12194 | Lab      | Identified the Handbook of the Supportive Volcanoes
 12792 | Lair:1   | Reached skill level 11 in Necromancy
 13749 | Lair:1   | Reached skill level 10 in Conjurations
 14039 | Lair:1   | Learned a level 2 spell: Blink
 14316 | Lair:2   | Reached skill level 10 in Dodging
 14316 | Lair:2   | Reached skill level 12 in Necromancy
 14491 | Lair:2   | Noticed Urug
 14499 | Lair:2   | Killed Urug
 14903 | Lair:2   | Killed Gastronok
 14903 | Lair:2   | Reached skill level 13 in Necromancy
 15113 | Lair:2   | Reached **** piety under Kikubaaqudgha
 15291 | Lair:2   | Reached XP level 12. HP: 59/59 MP: 3/26
 16558 | Lair:3   | Found a staircase to the Snake Pit.
 17036 | Lair:3   | Found a staircase to the Shoals.
 17699 | Lair:4   | Noticed Snorg
 17838 | Lair:4   | Killed Snorg
 17838 | Lair:4   | Reached skill level 14 in Necromancy
 19324 | Lair:4   | Identified a +1 pair of boots of running (You found it on
                  | level 4 of the Lair of Beasts)
 20070 | Lair:5   | Noticed a five-headed hydra
 20088 | Lair:5   | Killed a five-headed hydra
 20388 | Lair:5   | You fall through a shaft!
 20388 | Lair:6   | Entered Level 6 of the Lair of Beasts
 20388 | Lair:6   | Noticed a seven-headed hydra
 20402 | Lair:6   | Killed a seven-headed hydra
 20529 | Lair:5   | Reached skill level 10 in Earth Magic
 21080 | Lair:5   | Reached XP level 13. HP: 43/63 MP: 6/27
 21616 | Lair:6   | HP: 1/63 [death yak (11)]
 22075 | Lair:6   | Reached ***** piety under Kikubaaqudgha
 22561 | Lair:6   | Learned a level 5 spell: Borgnjor's Vile Clutch
 23244 | Lair:6   | Reached skill level 10 in Spellcasting
 23512 | Lair:6   | Found a staircase to the Slime Pits.
 23513 | Lair:6   | Found a viscous altar of Jiyva.
 25020 | D:9      | Reached ****** piety under Kikubaaqudgha
 25453 | D:9      | Found a runed gate.
 25453 | D:9      | Found a runed gate.
 25460 | D:9      | Found an opulent altar of Gozag.
 25466 | D:9      | Reached XP level 14. HP: 49/68 MP: 26/30
 25477 | D:9      | Killed Phong's ghost
 26138 | D:6      | Bought a scroll of teleportation for 42 gold pieces
 26138 | D:6      | Bought a scroll of teleportation for 42 gold pieces
 26183 | D:6      | Bought a potion of magic for 208 gold pieces
 26183 | D:6      | Bought a hardcover book for 390 gold pieces
 26240 | D:6      | Bought a potion of haste for 130 gold pieces
 26282 | D:8      | Received a gift from Kikubaaqudgha
 26315 | D:10     | Entered Level 10 of the Dungeon
 26341 | D:10     | Noticed Sonja
 26346 | D:10     | Killed Sonja
 26472 | D:10     | Reached skill level 1 in Fighting
 26650 | D:10     | Noticed Erolcha
 26654 | D:10     | Found a flagged portal.
 26662 | Bailey   | Entered a bailey
 27464 | Bailey   | Got a slimy great sword {elec}
 27465 | Bailey   | Identified the +9 great sword of Watchfulness {elec, rF+
                  | rC+ MR+ Str+3} (You took it off an orc warrior in a bailey)
 27560 | D:10     | Killed Erolcha
 28149 | D:10     | Learned a level 5 spell: Dispel Undead
 28735 | D:11     | Found a frozen archway.
 28756 | D:11     | Reached skill level 1 in Long Blades
 28764 | IceCv    | Entered an ice cave
 29667 | IceCv    | Got pitted ice dragon scales
 29678 | IceCv    | Identified the cursed +1 ice dragon scales of Free Will
                  | {rElec rF- rC++ Dex+3} (You found it in an ice cave)
 29956 | D:12     | Found Busiu's Armour Emporium.
 30950 | D:12     | Reached skill level 1 in Armour
 32066 | D:13     | Noticed Josephine
 32078 | D:13     | Killed Josephine
 32822 | D:14     | Found a portal to a secret trove of treasure.
 32832 | D:14     | Reached skill level 5 in Long Blades
 33034 | D:14     | Found a shadowy altar of Dithmenos.
 33528 | D:14     | Reached XP level 15. HP: 80/80 MP: 27/33
 34487 | D:14     | Reached skill level 5 in Fighting
 34803 | D:14     | Got a faintly glowing helmet
 34821 | D:14     | Identified the +0 helmet of Ubaismef {-Cast rPois rN+
                  | Regen+} (You found it on level 14 of the Dungeon)
 34874 | D:15     | Entered Level 15 of the Dungeon
 35048 | D:15     | Noticed Rupert
 35197 | D:15     | Killed Rupert
 36519 | Orc:1    | Entered Level 1 of the Orcish Mines
 36533 | Orc:1    | Noticed Harold
 36549 | Orc:1    | Killed Harold
 36874 | Orc:1    | Found Myfe's Merry Market.
 37059 | Orc:2    | Entered Level 2 of the Orcish Mines
 37168 | Orc:2    | Found a roughly hewn altar of Beogh.
 37219 | Orc:2    | Hit by a large rock thrown by a stone giant

Skill      XL: |  1  2  3  4  5  6  7  8  9 10 11 12 13 14 15 |
---------------+----------------------------------------------+-----
Spellcasting   | 4 5 7 8 10 12 | 12.2
Earth Magic    | 4 5 6 7 10 12 13 | 13.0
Conjurations   | 1 2 4 5 6 8 9 10 12 13 | 13.4
Dodging        | 5 7 9 10 12 | 12.2
Necromancy     | 2 7 10 13 14 | 14.9
Fighting       | 4 5 |  5.8
Long Blades    | 5 8 |  8.2
Armour         | 3 4 |  4.9
Stealth        | |  2.4
Transmutations | |  1.1

Action                   |  1- 3 |  4- 6 |  7- 9 | 10-12 | 13-15 || total
-------------------------+-------+-------+-------+-------+-------++-------
Melee: Unarmed           |     1 |       |       |       |       ||     1
       Quarterstaff      |       |     1 |    12 |     6 |       ||    19
       Staff             |       |       |     1 |    26 |    39 ||    66
       Great sword       |       |       |       |       |   357 ||   357
 Cast: Sandblast         |    56 |    77 |    48 |    18 |     1 ||   200
       Stone Arrow       |       |       |    87 |   290 |   422 ||   799
       Pain              |       |       |     4 |    13 |     5 ||    22
       Animate Dead      |       |       |     4 |    17 |    41 ||    62
       Lee's Rapid Decon |       |       |     4 |    51 |   132 ||   187
       Vampiric Draining |       |       |       |     6 |    27 ||    33
       Blink             |       |       |       |     1 |     8 ||     9
       Agony             |       |       |       |     1 |     5 ||     6
       Borgnjor's Vile C |       |       |       |       |    11 ||    11
       Dispel Undead     |       |       |       |       |     2 ||     2
Invok: Receive Corpses   |       |       |       |     1 |       ||     1
       Receive Necronomi |       |       |       |       |     1 ||     1
Evoke: Wand              |       |       |    16 |    39 |    30 ||    85
  Use: Scroll            |     3 |     1 |    11 |    19 |    14 ||    48
       Potion            |       |     2 |     1 |     6 |    23 ||    32
 Stab: Distracted        |       |       |     1 |       |     2 ||     3
       Sleeping          |       |       |       |       |     1 ||     1
  Eat: Chunk             |     2 |     4 |     4 |    42 |    11 ||    63
       Ration            |       |     1 |     3 |     4 |    15 ||    23
Armor: Robe              |     3 |       |    11 |    42 |    64 ||   120
       Ice dragon scales |       |       |       |       |   239 ||   239
Dodge: Dodged            |    18 |    22 |    56 |   227 |   851 ||  1174
       Rpst.: Great sword |       |       |       |       |   141 ||   141
